 Dungeon Crawl Stone Soup version 0.28.0-53-g5a82cb258f (webtiles) character file.

Game seed: 16730481042382560506

68 safid the Skirmisher (level 4, 0/40 HPs)
             Began as a Hill Orc Fighter on Aug 21, 2022.
             Slain by an orc wizard
             ... wielding a +0 dagger
              (2 damage)
             ... on level 3 of the Dungeon.
             The game lasted 00:03:08 (2589 turns).

safid the Skirmisher (Hill Orc Fighter)             Turns: 2589, Time: 00:03:09

Health: 0/40       AC:  9    Str: 20    XL:     4   Next: 19%
Magic:  4/4        EV:  9    Int:  8    God:
Gold:   51         SH:  4    Dex: 10    Spells: 3/3 levels left

rFire   . . .      SeeInvis .   a - +0 war axe
rCold   . . .      Faith    .   c - +0 buckler
rNeg    . . .      Spirit   .   b - +0 scale mail
rPois   .          Reflect  .   (no helmet)
rElec   .          Harm     .   (no cloak)
rCorr   .          Rampage  .   i - +0 pair of gloves
Will    .....                   g - +0 pair of boots
Stlth   ..........              (no amulet)
HPRegen 0.13/turn               (no ring)
MPRegen 0.09/turn               (no ring)

@: no status effects
A: no striking features
a: Convert to Beogh


You were on level 3 of the Dungeon.
You visited 1 branch of the dungeon, and saw 3 of its levels.

You collected 51 gold pieces.

Inventory:

Hand Weapons
 a - a +0 war axe (weapon)
Armour
 b - a +0 scale mail (worn)
 c - a +0 buckler (worn)
 g - a +0 pair of boots (worn)
 i - a +0 pair of gloves (worn)
Jewellery
 m - a +6 ring of strength
 n - a ring of flight
Scrolls
 e - 3 scrolls of identify {unknown}
 h - a scroll of fear {unknown}
 j - a scroll of fog {unknown}
 k - a scroll of teleportation {unknown}
 l - a scroll of amnesia {unknown}
 p - a scroll of enchant armour {unknown}
Potions
 d - a potion of might
 f - a potion of attraction {unknown}
 o - a potion of haste {unknown}


   Skills:
 - Level 4.0 Fighting
 + Level 4.0 Axes
 - Level 4.0 Armour
 - Level 4.0 Shields


You had 3 spell levels left.
You didn't know any spells.
Your spell library was empty.

Dungeon Overview and Level Annotations

Branches:
Dungeon (3/15)

Altars:
Cheibriados


Message History

The orc wizard flickers and vanishes!
Deactivating autopickup; reactivate with Ctrl-A.
The orc hits you but does no damage.
The orc priest begins to cast a cantrip, but forgets the words!
You hit the orc priest.
The orc priest is heavily wounded.
You slash the orc!
You kill the orc!
The orc priest threatens, "By the altar or by the axe, you will meet Beogh!"
The orc priest barely misses you.
Your Axes skill increases to level 4!
You hit the orc priest but do no damage.
The orc priest is heavily wounded.
You closely miss something. The orc priest barely misses you.
Something hits you but does no damage.
Unknown command.
You hit the orc priest but do no damage.
The orc priest is heavily wounded.
You closely miss something.
The orc priest hits you but does no damage.
Something hits you but does no damage.
You closely miss the orc priest.
The orc priest is heavily wounded.
You closely miss something.
The orc priest calls down the wrath of Beogh upon you.
Beogh smites you!
You hear some strange, mumbled words.
Something tries to affect you, but you resist.
The orc priest invokes the aid of Beogh against you.
Pain shoots through your body!
You closely miss the orc priest.
The orc priest is heavily wounded.
You closely miss something.
The orc priest shouts, "Beogh is our master!
Accept the truth or die!"
Something hits you.
The orc priest invokes the aid of Beogh against you.
Beogh smites you!
* * * LOW HITPOINT WARNING * * *
Something hits you.
You die...

###...########..##
....
#.............>..
....
#.#...########.#
### P...
#.##..........###..
#... #
########.##.#.#
#... #.##†..# #...
#.##...# .##.
#.##...#.### #.
#.##@....... .r#
#.##o{...... #r##
#..##<####.. .. .
##. .# # # .. ..#
..# ..#


You could see an orc priest.

Vanquished Creatures
  An adder (D:3)
  2 worms (D:2)
  2 dart slugs
  2 orcs (D:3)
  4 bats
  5 endoplasms
  2 giant cockroaches
  5 goblins
  A hobgoblin (D:1)
  7 kobolds
  2 quokkas (D:2)
  4 ball pythons
  3 frilled lizards (D:1)
  6 rats
46 creatures vanquished.

Vanquished Creatures (others)
  9 demonic plants (D:3)
  5 fungi (D:3)
  22 plants
  2 withered plants (D:3)
38 creatures vanquished.

Grand Total: 84 creatures vanquished

Notes
Turn   | Place    | Note
-------+----------+-------------------------------------------
     0 | D:1      | safid the Hill Orc Fighter began the quest for the Orb.
     0 | D:1      | Reached XP level 1. HP: 19/19 MP: 1/1
   173 | D:1      | Reached XP level 2. HP: 27/27 MP: 2/2
   810 | D:1      | Reached XP level 3. HP: 33/33 MP: 3/3
  1819 | D:2      | Found a snail-covered altar of Cheibriados.
  2174 | D:3      | Found a faded altar of an unknown god.
  2176 | D:3      | Noticed an ogre
  2554 | D:3      | Reached XP level 4. HP: 27/40 MP: 4/4
  2589 | D:3      | HP: 2/40 [orc priest/divine providence (11)]
  2589 | D:3      | Slain by an orc wizard

Illustrated notes

Levels and vault maps discovered:
D:1:      scummos_arrival_star, layout_loops_ring, lexackson_kobold_supper
D:2:      layout_basic, serial_curves, eino_curves_01, eino_curves_04,
          basic_altar, minmay_misc_feat_enclosed, chequers_big_river
D:3:      layout_loops_ring, shapermc_ecumenical_altar_gd

Skill      XL: |  1  2  3  4 |
---------------+-------------+-----
Axes           | 3 4 |  4.0
Fighting       | 4 |  4.0
Armour         | 4 |  4.0
Shields        | 4 |  4.0

Action                   |  1- 3 |  4- 6 || total
-------------------------+-------+-------++-------
Melee: War axe           |   107 |     9 ||   116
Armor: Scale mail        |    44 |     6 ||    50
Dodge: Dodged            |    51 |     3 ||    54
Block: Buckler           |    27 |       ||    27
